 Dungeon Crawl Stone Soup version 0.31-a0-1005-gfbdfbacc72 (webtiles) character file.

Game seed: 11460865670025867841

(classic levelgen) 15589 Amnesiac the Eclecticist (level 12, -5/70 HPs)
             Began as a Djinni Conjurer on Nov 10, 2023.
             Was a Believer of Ashenzari.
             Slain by an orc warlord
             ... wielding a +4 battleaxe
              (23 damage)
             ... on level 2 of the Orcish Mines.
             The game lasted 00:35:45 (12849 turns).

Amnesiac the Eclecticist (Djinni Conjurer)         Turns: 12849, Time: 00:35:45

Health: -5/70      AC:  9    Str:  6    XL:     12   Next: 59%
Gold:   1395       EV: 13    Int: 24    God:    Ashenzari [**....] SH:  5 Dex: 19

rFire   + + .        F - +5 scimitar (protect)
rCold   x . .        (no shield)
rNeg    . . .        L - +0 steam dragon scales
rPois   ∞            (no helmet)
rElec   .            o - +0 cloak
rCorr   .            j - +2 pair of gloves of the Unyielding Gaze {Bglg, Cun} (curse)
SInv    +            (boots unavailable)
Will    ++...        z - amulet "Astrological Suspicion" {Reflect SH+5, Comp, Bglg} (curse)
Stlth   ++           H - +6 ring of dexterity
HPRegen 0.31/turn    y - ring of the Esoteric Welkin {Will+, Range, Alch} (curse)
MPRegen 0.00/turn

%: reflection, infuse magic (-6 HP)
@: flying
A: sickness immunity, fire resistance 2, cold vulnerability 1, float, innate
caster, HP casting, extra vitality 1
a: Renounce Religion, Curse Item, Shatter the Chains


You were on level 2 of the Orcish Mines.
You worshipped Ashenzari.
Ashenzari was pleased with you.
You visited 3 branches of the dungeon, and saw 14 of its levels.
You also visited: Sewer and Ossuary.

You collected 1460 gold pieces.
You spent 65 gold pieces at shops.

Inventory:

Hand Weapons
 v - a +1 trident of distortion
 F - a +5 scimitar of protection (weapon)
Missiles
 K - a curare-tipped dart
Armour
 j - the cursed +2 pair of gloves of the Unyielding Gaze (worn) {Bglg, Cun}
   (You found it on level 2 of the Dungeon)

   It has a curse which improves the following skills: Beguiling: Conjurations,
   Hexes and Translocations.
   Cunning:   Dodging and Stealth.
 o - a +0 cloak (worn)
 J - an orb of guile
 L - +0 steam dragon scales (worn)
Jewellery
 y - the cursed ring of the Esoteric Welkin (right hand) {Will+, Range, Alch}
   (You found it on level 5 of the Dungeon)

   [ring of willpower]

   Will+:     It increases your willpower.
   It has a curse which improves the following skills: Ranged Combat: Ranged
   Weapons and Throwing.
   Alchemy:   Poison Magic and Transmutations.
 z - the cursed amulet "Astrological Suspicion" (around neck) {Reflect SH+5, Comp, Bglg}
   (You found it on level 5 of the Dungeon)

   [amulet of reflection]

   Reflect:   It reflects blocked missile attacks.
   SH+5:      It affects your SH (+5).
   It has a curse which improves the following skills: Companions: Summonings
   and Necromancy.
   Beguiling: Conjurations, Hexes and Translocations.
 G - a ring of fire
 H - a +6 ring of dexterity (left hand)
Wands
 c - a wand of roots (10)
 h - a wand of charming (30)
 w - a wand of mindburst (12)
 E - a wand of polymorph (12)
 I - a wand of flame (32)
Scrolls
 e - 15 scrolls of teleportation {!r}
 g - 2 scrolls of revelation {!r}
 i - 2 scrolls of fog {!r}
 l - 3 scrolls of blinking {!r}
 p - 2 scrolls of immolation {!r}
 r - a scroll of enchant armour {!r}
 u - a scroll of vulnerability {!r}
 x - 2 scrolls of poison {!r}
 D - a scroll of silence {!r}
Potions
 a - a potion of cancellation {!q}
 b - a potion of berserk rage {!q}
 d - 4 potions of brilliance {!q}
 f - a potion of attraction {!q}
 k - 3 potions of enlightenment {!q}
 n - 2 potions of heal wounds {!q}
 s - 2 potions of invisibility {!q}
 t - 6 potions of curing {!q}
 A - a potion of resistance {!q}
 B - 2 potions of might {!q}
 M - a potion of mutation {!q}


   Skills:
 - Level 2.1(3.1) Dodging
 - Level 1.5(2.4) Stealth
 + Level 15.0 Spellcasting
 + Level 15.0(16.6) Conjurations
 + Level 15.0(16.6) Hexes
   Level 0.0 Charms
 + Level 15.0(16.0) Summonings
 + Level 15.0(16.0) Necromancy
 + Level 15.0(16.6) Translocations
 + Level 15.0(16.0) Transmutations
 + Level 15.0 Fire Magic
 + Level 15.0 Ice Magic
 + Level 15.0 Air Magic
 + Level 15.0 Earth Magic
 + Level 15.0(16.0) Poison Magic


You knew the following spells:

 Your Spells              Type           Power      Damage    Failure   Level
a - Magic Dart            Conj           100%       1d8       0%          1
b - Iskenderun's Mystic   Conj/Tloc      78%        2d16      1%          4
c - Fulminant Prism       Conj/Hex       39%        3d18      1%          4
d - Dazzling Flash        Conj/Hex       100%       N/A       0%          3
e - Searing Ray           Conj           100%       2d8       0%          2
f - Foxfire               Conj/Fire      100%       2x1d9     0%          1
g - Inner Flame           Hex/Fire       76%        N/A       0%          3
h - Dispel Undead         Necr           76%        3d25      1%          4
v - Blink                 Tloc           100%       N/A       0%          2
w - Static Discharge      Conj/Air       100%       3-8/arc   0%          2
Your spell library was empty.

Dungeon Overview and Level Annotations

Branches:
Dungeon (11/15)            Temple (1/1) D:7            Lair (0/5) D:8
    Orc (2/2) D:9             Elf (0/3) Orc:2         Sewer (visited)
Ossuary (visited)

Altars:
Ashenzari
Cheibriados
Dithmenos
Elyvilon
Fedhas
Gozag
Hepliaklqana
Makhleb
Nemelex Xobeh
Okawaru
Qazlal
Ru
Trog
Uskayaw
Wu Jian
Xom
Yredelemnul
Zin
The Shining One

Shops:
D:4 !:

Annotations:
D:5 Pikel


Innate Abilities, Weirdness & Mutations

You are immune to sickness and miasma.
You are immune to poison.
Your flesh is very heat resistant. (rF++)
You are vulnerable to cold. (rC-)
You float through the air rather than walking.
You learn spells naturally, not from books.
Your magical power is your life essence.
You have superior vitality. (+4 MHP)


Message History

You erupt in a blast of force!
The mystic blast hits the orc warlord.
The orc warlord is almost dead.
The orc warlord is knocked back by the mystic blast.
* * * LOW HITPOINT WARNING * * *
Casting: Iskenderun's Mystic Blast (safe; 1% risk of failure)
Confirm with . or Enter, or press ? or * to list all spells.
You can't see any susceptible monsters within range! (Use Z to cast anyway.)
Aiming: Fastroot
Press: ? - help, Shift-Dir - straight line, f - orc warlord
Aim: an orc warlord, wielding a +4 battleaxe and wearing a +2 plate armour of cold resistance (almost dead)
The roots erupt in riotous growth!
Roots grab the orc warlord.
The grasping roots constrict the orc warlord, but do no damage.
The orc warlord struggles to escape constriction.
The grasping roots constrict the orc warlord.
The roots release their grip on the orc warlord.
Casting: Iskenderun's Mystic Blast (safe; 1% risk of failure)
Confirm with . or Enter, or press ? or * to list all spells.
You erupt in a blast of force!
The mystic blast hits the orc warlord!
The orc warlord is almost dead.
The orc warlord is knocked back by the mystic blast.
The orc warlord slams into the rock wall!
* * * LOW HITPOINT WARNING * * *
Casting: Iskenderun's Mystic Blast (safe; 1% risk of failure)
Confirm with . or Enter, or press ? or * to list all spells.
You don't have enough health to cast this spell.
Casting: Iskenderun's Mystic Blast (safe; 1% risk of failure)
Confirm with . or Enter, or press ? or * to list all spells.
You erupt in a blast of force!
The mystic blast hits the orc warlord.
The orc warlord is almost dead.
The orc warlord is knocked back by the mystic blast.
The orc warlord slams into the rock wall!
The orc warlord is almost dead.
* * * LOW HITPOINT WARNING * * *
Aiming: Mindburst
Press: ? - help, Shift-Dir - straight line, f/p - orc warlord
Aim: an orc warlord, wielding a +4 battleaxe and wearing a +2 plate armour of cold resistance (almost dead, chance to affect: 29%)
Okay, then.
Aiming: Fastroot
Press: ? - help, Shift-Dir - straight line, f/p - orc warlord
Aim: an orc warlord, wielding a +4 battleaxe and wearing a +2 plate armour of cold resistance (almost dead)
The roots erupt in riotous growth!
Roots grab the orc warlord.
The grasping roots constrict the orc warlord.
The orc warlord struggles to escape constriction.
The grasping roots constrict the orc warlord.
The roots release their grip on the orc warlord.
Okay, then.
There is a stone staircase leading up here.
Casting: Iskenderun's Mystic Blast (safe; 1% risk of failure)
Confirm with . or Enter, or press ? or * to list all spells.
You erupt in a blast of force!
The mystic blast hits the orc warlord!
The orc warlord is almost dead.
The orc warlord is knocked back by the mystic blast.
* * * LOW HITPOINT WARNING * * *
Casting: Iskenderun's Mystic Blast (safe; 1% risk of failure)
Confirm with . or Enter, or press ? or * to list all spells.
You erupt in a blast of force!
The mystic blast hits the orc warlord but does no damage.
The orc warlord is almost dead.
* * * LOW HITPOINT WARNING * * *
You feel much better.
The orc warlord hits you with a +4 battleaxe!!
You die...

......#.#..............
.........#.#............
..........#.............
#..#..#....#............
..........##.............
.........##..............
##...........#............#
#.[........>...............#
#....((.......)o@..........##
[..[((((.......[.....##......
#...(((((......................
#..[(((((.................##..#
.....(((......................#
.[......................#.....##
........##.....................#
....#..#.........#..........#.#
..[..........................#


You could see an orc warlord.

Vanquished Creatures
  An orc warlord (D:9)
  2 two-headed ogres
  An orc high priest (Orc:2)
  3 orc knights
  3 orc sorcerers
  Joseph (D:8)
  3 trolls
  2 shadows (D:9)
  2 wyverns
  10 yaks (D:9)
  A steam dragon (D:8)
  6 wargs
  Menkaure (Ossuary)
  An acid dragon (D:9)
  A water moccasin (D:9)
  A sky beast (D:8)
  24 orc warriors
  3 black bears
  2 ice beasts
  3 ogres
  2 centaurs (D:9)
  4 lemures (D:5)
  A kobold brigand (D:8)
  4 phantoms
  5 bullfrogs
  2 gnoll sergeants
  2 scorpions
  3 wights (D:6)
  3 troll zombies (D:9)
  3 killer bees (D:9)
  3 gnoll boudas
  2 jellies (D:5)
  15 orc priests
  3 hounds (D:4)
  2 sleepcaps (D:5)
  2 iguanas (D:5)
  17 orc wizards
  3 ogre zombies (D:9)
  3 mummies (Ossuary)
  30 gnolls
  9 adders
  A river rat (D:4)
  2 white imps
  A worm (D:4)
  A dart slug (D:5)
  35 orcs
  12 endoplasms
  14 giant cockroaches
  5 gnoll zombies
  10 goblins
  4 hobgoblins
  6 jackals
  11 kobolds
  16 quokkas
  19 ball pythons
  5 bats
  5 frilled lizards
  8 gnoll skeletons
  6 goblin skeletons (Ossuary)
  3 goblin zombies
  2 hobgoblin skeletons (Ossuary)
  9 hobgoblin zombies (Ossuary)
  3 kobold skeletons (Ossuary)
  5 kobold zombies (Ossuary)
  4 orc skeletons (Ossuary)
  16 orc zombies
  A quokka zombie (D:5)
  3 rats
  5 rat skeletons (Ossuary)
  4 rat zombies (Ossuary)
405 creatures vanquished.

Vanquished Creatures (others)
  27 foxfires
  20 fulminant prisms
47 creatures vanquished.

Grand Total: 452 creatures vanquished

Notes
Turn   | Place    | Note
-------+----------+-------------------------------------------
     0 | D:1      | Amnesiac the Djinni Conjurer began the quest for the Orb.
     0 | D:1      | Amnesiac set off with the following spells memorised: Magic
                  | Dart, Searing Ray, Dazzling Flash, Fulminant Prism,
                  | Iskenderun's Mystic Blast.
     0 | D:1      | Reached XP level 1. HP: 15/15 MP: 0/0
    89 | D:1      | Reached XP level 2. HP: 17/21 MP: 0/0
   479 | D:1      | Reached XP level 3. HP: 24/25 MP: 0/0
   479 | D:1      | Learned a level 1 spell: Foxfire
   786 | D:2      | Identified the of Isocadwi
  1015 | D:2      | Reached XP level 4. HP: 26/31 MP: 0/0
  1807 | D:3      | Reached XP level 5. HP: 33/35 MP: 0/0
  1807 | D:3      | Learned a level 2 spell: Blink
  1816 | D:3      | Found a shimmering altar of Xom.
  1817 | D:3      | Found a glowing silver altar of Zin.
  1817 | D:3      | Found a glowing golden altar of the Shining One.
  1818 | D:3      | Found an opulent altar of Gozag.
  1894 | D:3      | Reached skill level 5 in Spellcasting
  1894 | D:3      | Reached skill level 5 in Conjurations
  1894 | D:3      | Reached skill level 5 in Hexes
  1894 | D:3      | Reached skill level 5 in Summonings
  1894 | D:3      | Reached skill level 5 in Necromancy
  1894 | D:3      | Reached skill level 5 in Translocations
  1894 | D:3      | Reached skill level 5 in Transmutations
  1894 | D:3      | Reached skill level 5 in Fire Magic
  1894 | D:3      | Reached skill level 5 in Ice Magic
  1894 | D:3      | Reached skill level 5 in Air Magic
  1894 | D:3      | Reached skill level 5 in Earth Magic
  1894 | D:3      | Reached skill level 5 in Poison Magic
  2046 | D:3      | Found a hazy altar of Hepliaklqana.
  2264 | D:4      | Noticed a black bear
  2272 | D:4      | Reached XP level 6. HP: 37/40 MP: 0/0
  2278 | D:4      | Killed a black bear
  2341 | D:4      | Found Curghem's Distillery.
  2349 | D:4      | Bought a potion of heal wounds for 65 gold pieces
  2370 | D:4      | Found Qimos Zaf's Book Boutique.
  2455 | D:4      | Found a glowing drain.
  2515 | Sewer    | Entered a sewer
  2688 | Sewer    | Reached XP level 7. HP: 35/45 MP: 0/0
  2688 | Sewer    | Learned a level 2 spell: Static Discharge
  3179 | D:4      | Found a shadowy altar of Dithmenos.
  3343 | D:5      | Entered Level 5 of the Dungeon
  3358 | D:5      | Reached XP level 8. HP: 34/50 MP: 0/0
  3431 | D:5      | Noticed Pikel
  3599 | D:5      | Found a sand-covered staircase.
  3611 | Ossuary  | Entered an ossuary
  4206 | Ossuary  | Noticed Menkaure
  4216 | Ossuary  | Killed Menkaure
  4674 | D:5      | Reached XP level 9. HP: 41/55 MP: 0/0
  4674 | D:5      | Learned a level 3 spell: Inner Flame
  6156 | D:7      | Found a staircase to the Ecumenical Temple.
  6187 | D:7      | Reached skill level 10 in Spellcasting
  6187 | D:7      | Reached skill level 10 in Conjurations
  6187 | D:7      | Reached skill level 10 in Hexes
  6187 | D:7      | Reached skill level 10 in Summonings
  6187 | D:7      | Reached skill level 10 in Necromancy
  6187 | D:7      | Reached skill level 10 in Translocations
  6187 | D:7      | Reached skill level 10 in Transmutations
  6187 | D:7      | Reached skill level 10 in Fire Magic
  6187 | D:7      | Reached skill level 10 in Ice Magic
  6187 | D:7      | Reached skill level 10 in Air Magic
  6187 | D:7      | Reached skill level 10 in Earth Magic
  6187 | D:7      | Reached skill level 10 in Poison Magic
  6333 | Temple   | Entered the Ecumenical Temple
  6350 | Temple   | Became a worshipper of Ashenzari the Shackled
  6727 | D:7      | Found a stormy altar of Qazlal.
  6879 | D:8      | Found a staircase to the Lair.
  6880 | D:8      | You are sucked into a shaft and drop 3 floors!
  6912 | D:10     | Entered Level 10 of the Dungeon
  7032 | D:8      | Reached XP level 10. HP: 49/60 MP: 0/0
  7269 | D:8      | Noticed a two-headed ogre
  7285 | D:8      | Killed a two-headed ogre
  7645 | D:8      | Reached * piety under Ashenzari
  7765 | D:8      | Noticed Joseph
  7776 | D:8      | Killed Joseph
  8187 | D:9      | Reached XP level 11. HP: 4/65 MP: 0/0
  8187 | D:9      | Learned a level 4 spell: Dispel Undead
  8348 | D:9      | Found a staircase to the Orcish Mines.
  8726 | D:9      | Reached ** piety under Ashenzari
  8756 | D:9      | Noticed a two-headed ogre
  8774 | D:9      | Killed a two-headed ogre
  9241 | Orc:1    | Entered Level 1 of the Orcish Mines
  9241 | Orc:1    | Noticed an orc warlord
  9298 | D:9      | Killed an orc warlord
  9724 | Orc:1    | Noticed an orc knight
  9742 | Orc:1    | Killed an orc knight
 10550 | Orc:2    | Entered Level 2 of the Orcish Mines
 10550 | Orc:2    | Found a staircase to the Elven Halls.
 10560 | Orc:2    | Reached XP level 12. HP: 60/70 MP: 0/0
 11759 | Orc:2    | Noticed an orc warlord
 11770 | Orc:2    | Noticed an orc high priest
 11797 | Orc:2    | Killed an orc high priest
 12087 | Orc:2    | Noticed a sixfirhy
 12795 | Orc:2    | Reached skill level 15 in Spellcasting
 12795 | Orc:2    | Reached skill level 15 in Conjurations
 12795 | Orc:2    | Reached skill level 15 in Hexes
 12795 | Orc:2    | Reached skill level 15 in Summonings
 12795 | Orc:2    | Reached skill level 15 in Necromancy
 12795 | Orc:2    | Reached skill level 15 in Translocations
 12795 | Orc:2    | Reached skill level 15 in Transmutations
 12795 | Orc:2    | Reached skill level 15 in Fire Magic
 12795 | Orc:2    | Reached skill level 15 in Ice Magic
 12795 | Orc:2    | Reached skill level 15 in Air Magic
 12795 | Orc:2    | Reached skill level 15 in Earth Magic
 12795 | Orc:2    | Reached skill level 15 in Poison Magic
 12849 | Orc:2    | Slain by an orc warlord

Illustrated notes

Levels and vault maps discovered:
D:1:      saegor_arrival_simple_e, layout_loops_cross, nicolae_eternal_life
D:2:      layout_rooms, serial_co_window_serial, co_window_corner_a,
          co_window_of_opportunity_a, co_window_paths_a, co_window_corner_a,
          co_window_paths_b, co_window_paths_c, co_window_corner_ca,
          co_window_broadway_c, glass_columns_b, glass_columns_a
D:3:      layout_loops_ring, worldfamousw_hep_ancestral_shrine,
          grunt_temple_overflow_open
D:4:      layout_cave_pools, mainiacjoe_overflow_alcove_2,
          gup_sewer_entry_spiral, serial_shops, nicolae_shop_industrial_runoff,
          shop, amethyst_killhole, cheibrodos_gnoll_hut
D:5:      layout_cave_pods, enter_ossuary_4, minivault_24,
          kennysheep_small_square, uniq_pikel
D:6:      layout_basic, dreamdust_princess_corridor, grunt_decor_arrowhead
D:7:      layout_loops_corners, marbit_many_paths,
          minmay_temple_entry_mini_moons
D:8:      layout_basic, lair_entry_dummy, uniq_joseph
D:9:      layout_long_grid, zombieorc1_lemuel, minivault_26
D:10:     layout_loops_cross, nicolae_diode_basic, uniq_maggie, uniq_snorg
D:11:     layout_small_grid, nzn_ghost_randoct, amcnicky_mini_pool_small,
          minmay_lizard_king, uniq_lodul, uniq_maurice
Temple:   eino_temple_water
Orc:1:    layout_caves
Orc:2:    grunt_orc_cross, layout_caves, nicolae_orc_rockfall

Skill      XL: |  1  2  3  4  5  6  7  8  9 10 11 12 |
---------------+-------------------------------------+-----
Spellcasting   | 4 5 6 7 8 10 12 13 15 | 15.0
Conjurations   | 4 5 6 7 8 10 12 13 15 | 15.0
Hexes          | 4 5 6 7 8 10 12 13 15 | 15.0
Summonings     | 4 5 6 7 8 10 12 13 15 | 15.0
Necromancy     | 4 5 6 7 8 10 12 13 15 | 15.0
Translocations | 4 5 6 7 8 10 12 13 15 | 15.0
Transmutations | 4 5 6 7 8 10 12 13 15 | 15.0
Fire Magic     | 4 5 6 7 8 10 12 13 15 | 15.0
Ice Magic      | 4 5 6 7 8 10 12 13 15 | 15.0
Air Magic      | 4 5 6 7 8 10 12 13 15 | 15.0
Earth Magic    | 4 5 6 7 8 10 12 13 15 | 15.0
Poison Magic   | 4 5 6 7 8 10 12 13 15 | 15.0
Dodging        | |  2.1
Stealth        | |  1.5

Action                     |  1- 3 |  4- 6 |  7- 9 | 10-12 || total
---------------------------+-------+-------+-------+-------++-------
  Melee: Unarmed           |     2 |       |       |       ||     2
         Punch             |     1 |       |       |       ||     1
         Dagger            |       |       |     4 |       ||     4
   Cast: Magic Dart        |    58 |   142 |   224 |    35 ||   459
         Searing Ray       |       |     4 |     9 |     6 ||    19
         Iskenderun's Myst |       |     4 |    60 |   227 ||   291
         Fulminant Prism   |       |       |     4 |    16 ||    20
         Foxfire           |       |       |    25 |     6 ||    31
         Blink             |       |       |    12 |     2 ||    14
         Dazzling Flash    |       |       |     1 |       ||     1
         Static Discharge  |       |       |       |     4 ||     4
         Dispel Undead     |       |       |       |     1 ||     1
 Invoke: Curse Item        |       |       |     1 |     2 ||     3
  Evoke: Wand              |       |       |       |     2 ||     2
    Use: Scroll            |       |       |       |    16 ||    16
         Potion            |       |       |       |     3 ||     3
 Armour: Robe              |     8 |    19 |    26 |       ||    53
         Steam dragon scal |       |       |       |    51 ||    51
  Dodge: Dodged            |    13 |    26 |    29 |    49 ||   117
  Block: Other             |       |       |     6 |    23 ||    29
         Reflection        |       |       |     2 |    10 ||    12

Table legend: (Time is in decaauts)
 A = Elapsed time spent in this place.
 B = Non-inter-level travel time spent in this place.
 C = Inter-level travel time spent in this place.
 D = Time resting spent in this place.
 E = Time spent auto-exploring this place.
 F = Levels seen in this place.
 G = Mean time per level.
                   A        B        C        D        E       F      G
               +--------+--------+--------+--------+--------+-----+--------+
         Total |  12852 |  12281 |    571 |   3904 |   5786 |  16 |  803.2 |
       Dungeon |   8601 |   8143 |    458 |   1667 |   4950 |  11 |  781.9 |
        Temple |     34 |      3 |     31 |      0 |      0 |   1 |   34.0 |
  Orcish Mines |   3187 |   3106 |     81 |   1940 |    515 |   2 | 1593.5 |
         Sewer |    341 |    341 |      0 |     82 |    107 |   1 |  341.0 |
       Ossuary |    686 |    686 |      0 |    215 |    214 |   1 |  686.0 |
               +--------+--------+--------+--------+--------+-----+--------+

Top non-repeatable levels by time:
   Orc:1: 2134 daAuts
     D:9: 1856 daAuts
     D:5: 1128 daAuts
     D:7: 1113 daAuts
   Orc:2: 1053 daAuts
     D:8: 892 daAuts
     D:4: 836 daAuts
     D:1: 785 daAuts
     D:3: 729 daAuts
 Ossuary: 686 daAuts
     D:2: 647 daAuts
     D:6: 572 daAuts
   Sewer: 341 daAuts
  Temple: 34 daAuts
    D:11: 31 daAuts
